 Dungeon Crawl Stone Soup version 0.31.0-12-g77e489cdc1 (webtiles) character file.

Game seed: 1713931343717004485

28427 Gadfly the Covert (level 13, -11/67 HPs)
             Began as a Spriggan Enchanter on Feb 15, 2024.
             Was an Initiate of Gozag.
             Killed from afar by a crystal guardian (23 damage)
             ... with a crystal bolt
             ... on level 13 of the Dungeon on Feb 16, 2024.
             The game lasted 00:34:48 (16748 turns).

Gadfly the Covert (Spriggan Enchanter)             Turns: 16748, Time: 00:34:48

Health: -11/67     AC:  9    Str:  4    XL:     13   Next: 9%
Magic:  21/25      EV: 26    Int: 18    God:    Gozag
Gold:   2355       SH:  5    Dex: 19    Spells: 22/33 levels left

rFire   + . .        a - +3 dagger (speed)
rCold   + . .        t - orb {guile}
rNeg    . . .        p - +0 steam dragon scales
rPois   .            A - +1 hat {SInv}
rElec   .            k - +1 cloak
rCorr   .            (gloves unavailable)
SInv    +            (boots unavailable)
Will    .....        F - amulet of reflection
Stlth   ++++++       j - ring of protection from fire
HPRegen 0.31/turn    r - ring of protection from cold
MPRegen 0.19/turn

%: reflection
@: confusing by touch, studying Earth Magic, very quick
A: very small, no large weapons, unfitting armour, see invisible, speed 3, low
MP 1, shaggy fur 1, wild magic 1
a: Renounce Religion, Potion Petition, Call Merchant, Bribe Branch


You were on level 13 of the Dungeon.
You worshipped Gozag.
Gozag was most pleased with you.
You visited 2 branches of the dungeon, and saw 14 of its levels.
You also visited: Sewer.

You collected 3007 gold pieces.
You spent 570 gold pieces at shops.
You paid 82 gold pieces to Gozag.

Inventory:

Hand Weapons
 a - a +3 dagger of speed (weapon)
 b - a +2 short sword of draining
 y - a +2 short sword of freezing
 D - a +2 dagger
Armour
 k - a +1 cloak (worn)
 p - +0 steam dragon scales (worn)
 t - an orb of guile (worn)
 A - a +1 hat of see invisible (worn)
Jewellery
 j - a ring of protection from fire (left hand)
 n - a ring of protection from fire
 r - a ring of protection from cold (right hand)
 F - an amulet of reflection (around neck)
 J - a +4 ring of protection
Wands
 o - a wand of iceblast (9)
 B - a wand of digging (8)
 C - a wand of flame (19)
 E - a wand of quicksilver (7)
 L - a wand of mindburst (6)
Scrolls
 g - 3 scrolls of enchant armour
 i - 3 scrolls of teleportation
 q - a scroll of poison
 v - 3 scrolls of fog
 w - 2 scrolls of blinking
 G - a scroll of amnesia
 H - a scroll of vulnerability
 I - a scroll of revelation
 K - a scroll of fear
Potions
 c - a potion of invisibility
 d - 5 potions of brilliance
 e - 3 potions of lignification
 f - a potion of haste
 h - 3 potions of mutation
 l - 6 potions of curing
 m - 5 potions of attraction
 s - a potion of heal wounds
 u - a potion of enlightenment
 x - a potion of might
 z - a potion of resistance


   Skills:
 + Level 7.3 Fighting
 + Level 9.7 Short Blades
 + Level 11.4 Dodging
 + Level 13.7 Stealth
 + Level 10.5 Spellcasting
 + Level 10.8 Hexes
 + Level 10.9 Evocations


You had 22 spell levels left.
You knew the following spells:

 Your Spells              Type           Power      Damage    Failure   Level
a - Ensorcelled Hibernat  Hex/Ice        74%        N/A       2%          2
b - Confusing Touch       Hex            58%        N/A       1%          3
c - Tukima's Dance        Hex            58%        N/A       1%          3
d - Slow                  Hex            100%       N/A       1%          1
e - Blink                 Tloc           24%        N/A       17%         2

Your spell library contained the following spells:

 Spells                   Type           Power      Damage    Failure   Level
 Sigil of Binding         Hex            58%        N/A       1%          3
 Dazzling Flash           Conj/Hex       74%        N/A       4%          3
 Magic Dart               Conj           48%        1d5       12%         1
 Necrotise                Necr           48%        1d6       12%         1
 Call Imp                 Summ           24%        N/A       17%         2
 Mercury Vapours          Alch/Air       24%        N/A       17%         2
 Scorch                   Fire           24%        2d6       17%         2
 Mephitic Cloud           Conj/Alch/Air  12%        N/A       30%         3
 Vampiric Draining        Necr           12%        2d6       30%         3
 Volatile Blastmotes      Fire/Tloc      24%        2d12      30%         3
 Silence                  Hex/Air        18%        N/A       30%         5
 Flame Wave               Conj/Fire      12%        2d6       67%         4
 Martyr's Knell           Necr/Summ      12%        N/A       67%         4
 Curse of Agony           Necr           12%        N/A       95%         5
 Freezing Cloud           Conj/Ice/Air   6%         6-21      95%         5
 Starburst                Conj/Fire      6%         6d4       100%        6
 Summon Cactus Giant      Summ           6%         N/A       100%        6
 Haunt                    Necr/Summ      6%         N/A       100%        7
 Borgnjor's Revivificati  Necr           6%         N/A       100%        8
 Maxwell's Capacitive Co  Air            6%         ∞         100%        8
 Death's Door             Necr           6%         N/A       100%        9


Dungeon Overview and Level Annotations

Branches:
Dungeon (13/15)            Temple (1/1) D:6            Lair (0/5) D:10
    Orc (0/2) D:11          Sewer (visited)
 Vaults: D:13-14

Altars:
Ashenzari
Cheibriados
Dithmenos
Elyvilon
Fedhas
Gozag
Hepliaklqana
Kikubaaqudgha
Makhleb
Nemelex Xobeh
Okawaru
Qazlal
Ru
Sif Muna
Trog
Uskayaw
Vehumet
Wu Jian
Xom
Yredelemnul
Zin
The Shining One

Shops:
D:1 =   D:7 :   D:9 *=[(


Innate Abilities, Weirdness & Mutations

You are very small and have problems with some larger weapons.
You are too small for most types of armour.
You have supernaturally acute eyesight. (SInv)
You cover ground extremely quickly. (Speed+++)
Your magical capacity is low. (-10% MP)
You are covered in fur. (AC +1)
Your spells are a little harder to cast, but a little more powerful.


Message History

The crystal guardian is lightly damaged.
You hit the crystal guardian but do no damage.
The crystal guardian is lightly damaged.
You hit the crystal guardian but do no damage.
The crystal guardian is lightly damaged.
You hit the crystal guardian but do no damage.
The crystal guardian is lightly damaged.
The crystal guardian barely misses you.
You hit the crystal guardian but do no damage.
The crystal guardian is lightly damaged.
You hit the crystal guardian but do no damage.
The crystal guardian is lightly damaged.
You hit the crystal guardian but do no damage.
The crystal guardian is lightly damaged.
The crystal guardian hits you!!
You hit the crystal guardian but do no damage.
The crystal guardian is lightly damaged.
You hit the crystal guardian but do no damage.
The crystal guardian is lightly damaged.
You hit the crystal guardian but do no damage.
The crystal guardian is lightly damaged.
The crystal guardian completely misses you.
You hit the crystal guardian but do no damage.
The crystal guardian is lightly damaged.
You hit the crystal guardian but do no damage.
The crystal guardian is lightly damaged.
Casting: Confusing Touch (safe; 1% risk of failure)
Confirm with . or Enter, or press ? or * to list all spells.
Your hands begin to glow red.
The crystal guardian fires a crystalline bolt at you.
The crystal bolt misses you. The crystal bolt freezes you! You resist.
* * * LOW HITPOINT WARNING * * *
The crystal bolt freezes the crystal guardian.
The crystal guardian completely resists.
The crystal guardian attacks as it pursues you!
The crystal guardian hits you but does no damage.
The crystal guardian fires a crystalline bolt at you.
The crystal bolt burns you!! You resist.
You die...
Your body crumbles into a pile of gold.

#####....##.......##...###.####.#
..........##.....##..#####.#
#####.########.###.........# #
#.# #9..#########.# # #.# ##..#
#.# # #.#########..# ###.# #
#............# #...# #
############.# #.### # #@# #<# #
#.# #.# # #.# #.# ############.#
#.# #.^.......##.# #####.#
#.#######.##.# #.....# #.#
#.##.###.############
#####.#######.##.##..............
.................................


You could see a crystal guardian.

Vanquished Creatures
  Gastronok (D:8)
  3 centaur warriors
  2 boulder beetles (D:13)
  A catoblepas (D:12)
  A death knight (D:11)
  2 two-headed ogres
  Lodul (D:11)
  5 skeletal warriors
  Pikel (D:5)
  A phantasmal warrior (D:11)
  A deep elf pyromancer (D:12)
  3 cyclopes
  An ugly thing (D:8)
  A manticore (D:9)
  A spectral centaur (D:10)
  A centaur skeleton (D:10)
  2 gargoyles (D:12)
  Jeremiah (D:7)
  A komodo dragon (D:8)
  A freezing wraith (D:11)
  A tengu conjurer (D:9)
  6 trolls
  2 hornets
  3 wraiths
  22 yaks
  5 basilisks (D:13)
  Grum (D:9)
  3 vampire mosquitoes
  2 steam dragons
  Menkaure (D:4)
  2 water moccasins (D:7)
  2 acid dragons (D:11)
  An ice beast (D:5)
  7 orc warriors
  4 wolves
  11 ogres
  The ghost of occam the Trooper, an amateur DsFi (D:2)
  8 centaurs
  2 lemures (D:5)
  A phantom (D:5)
  4 kobold brigands
  7 bullfrogs
  3 gnoll sergeants
  3 scorpions
  9 wights
  3 killer bees
  An electric eel (D:9)
  3 howler monkeys
  A hound (D:5)
  2 jellies (D:6)
  3 bombardier beetles
  A gnoll bouda (D:8)
  3 centaur zombies (D:10)
  8 orc priests
  A sleepcap (D:7)
  Ijyb (D:3)
  A hell rat (Sewer)
  An iguana (D:5)
  14 orc wizards
  Robin (D:3)
  12 gnolls
  4 adders
  2 river rats (Sewer)
  3 shadow imps
  2 white imps
  2 ufetubi (D:4)
  6 ribbon worms
  4 dart slugs
  57 orcs
  5 ball pythons
  8 endoplasms
  5 giant cockroaches
  18 goblins
  8 hobgoblins
  3 jackals (D:4)
  5 quokkas
  7 bats
  3 frilled lizards
  15 kobolds
  11 rats
366 creatures vanquished.

Vanquished Creatures (others)
  An orc (D:9)
1 creature vanquished.

Grand Total: 367 creatures vanquished

Notes
Turn   | Place    | Note
-------+----------+-------------------------------------------
     0 | D:1      | Gadfly the Spriggan Enchanter began the quest for the Orb.
     0 | D:1      | Reached XP level 1. HP: 9/9 MP: 5/5
   141 | D:1      | Reached XP level 2. HP: 10/14 MP: 6/6
   144 | D:1      | Learned a level 2 spell: Ensorcelled Hibernation
   492 | D:1      | Reached skill level 1 in Evocations
   530 | D:1      | Found Zuaqa's Jewellery Boutique.
   633 | D:1      | Reached skill level 1 in Fighting
   633 | D:1      | Reached XP level 3. HP: 18/18 MP: 8/8
   637 | D:1      | Learned a level 3 spell: Confusing Touch
  1151 | D:2      | Learned a level 3 spell: Tukima's Dance
  1519 | D:2      | Reached XP level 4. HP: 22/22 MP: 4/9
  1751 | D:2      | Gained mutation: Your magical capacity is low. (-10% MP)
                  | [potion of mutation]
  1751 | D:2      | Gained mutation: You are covered in fur. (AC +1) [potion of
                  | mutation]
  1751 | D:2      | Gained mutation: Your spells are a little harder to cast,
                  | but a little more powerful. [potion of mutation]
  2162 | D:3      | Reached skill level 5 in Stealth
  2181 | D:3      | Found a runed translucent door.
  2519 | D:3      | Noticed Ijyb
  2743 | D:3      | Noticed Robin
  2752 | D:3      | HP: 1/22 [+2 spectral club[Ijyb] (4)]
  2791 | D:3      | Killed Ijyb
  2792 | D:3      | Reached XP level 5. HP: 8/25 MP: 3/10
  2928 | D:3      | Killed Robin
  3250 | D:3      | Noticed occam's ghost (amateur DsFi)
  3397 | D:2      | Killed occam's ghost
  3398 | D:2      | Reached XP level 6. HP: 30/30 MP: 8/11
  3684 | D:4      | Noticed an orc warrior
  3762 | D:4      | Found a glowing drain.
  3810 | Sewer    | Entered a sewer
  4301 | D:4      | Noticed Menkaure
  4497 | D:4      | Killed Menkaure
  4498 | D:4      | Reached skill level 6 in Stealth
  4617 | D:4      | Reached XP level 7. HP: 30/35 MP: 1/12
  4808 | D:4      | Reached skill level 5 in Hexes
  5058 | D:4      | Learned a level 1 spell: Slow
  5074 | D:5      | Entered Level 5 of the Dungeon
  5099 | D:5      | Noticed Pikel
  5130 | D:5      | Killed Pikel
  5131 | D:5      | Reached skill level 5 in Dodging
  5131 | D:5      | Reached skill level 7 in Stealth
  5131 | D:5      | Reached XP level 8. HP: 31/39 MP: 2/14
  5327 | D:5      | Found a shimmering altar of Xom.
  5362 | D:5      | Reached skill level 5 in Spellcasting
  5916 | D:5      | Reached skill level 5 in Evocations
  6586 | D:6      | Reached skill level 5 in Short Blades
  6586 | D:6      | Reached skill level 8 in Stealth
  6772 | D:6      | Found a staircase to the Ecumenical Temple.
  6783 | Temple   | Entered the Ecumenical Temple
  6808 | Temple   | Became a worshipper of Gozag Ym Sagoz the Greedy
  6861 | D:6      | Reached XP level 9. HP: 44/44 MP: 13/16
  7463 | D:7      | Found a glowing silver altar of Zin.
  7463 | D:7      | Found a shimmering blue altar of Sif Muna.
  7639 | D:7      | Noticed Jeremiah
  7683 | D:7      | Killed Jeremiah
  7869 | D:7      | Reached skill level 9 in Stealth
  8448 | D:7      | Found Dugumat's Book Shop.
  8972 | D:8      | Noticed Gastronok
  8987 | D:8      | Killed Gastronok
  8988 | D:8      | Reached XP level 10. HP: 38/51 MP: 14/19
  9392 | D:8      | Reached skill level 10 in Stealth
  9633 | D:8      | Noticed a purple ugly thing
  9633 | D:8      | Noticed a two-headed ogre
  9650 | D:8      | Killed a two-headed ogre
  9651 | D:8      | Reached skill level 5 in Fighting
  9654 | D:8      | Killed a purple ugly thing
  9689 | D:8      | Noticed a cyclops
  9721 | D:8      | Killed a cyclops
 10001 | D:8      | Reached XP level 11. HP: 56/56 MP: 21/21
 10159 | D:8      | Learned a level 2 spell: Blink
 10164 | D:9      | Found Xetwiere's Mass Market.
 10251 | D:9      | Reached skill level 11 in Stealth
 10429 | D:9      | Noticed a centaur warrior
 10440 | D:9      | Killed a centaur warrior
 10598 | D:9      | Noticed Grum
 10746 | D:9      | Killed Grum
 10870 | D:9      | Found a glowing golden altar of the Shining One.
 10934 | D:9      | Found Sautec's Jewellery Boutique.
 11071 | D:1      | Bought an amulet of reflection for 390 gold pieces
 11382 | D:9      | Noticed a two-headed ogre
 11384 | D:9      | Killed a two-headed ogre
 11441 | D:9      | Found Waoda's Antique Weapon Emporium.
 11448 | D:9      | Found Dasousopte's Antique Armour Boutique.
 11648 | D:9      | Bought a glowing dagger for 180 gold pieces
 11754 | D:10     | Entered Level 10 of the Dungeon
 12595 | D:10     | Found a staircase to the Lair.
 13047 | D:10     | Reached skill level 12 in Stealth
 13206 | D:10     | Identified the +0 leather armour of Muxt {^Contam rElec
                  | Str+2 Int+5}
 13432 | D:10     | Found a broken altar of Ashenzari.
 13432 | D:10     | Found a snail-covered altar of Cheibriados.
 13677 | D:11     | Reached skill level 10 in Dodging
 14067 | D:11     | Reached XP level 12. HP: 47/61 MP: 18/23
 14400 | D:11     | Noticed a death knight
 14473 | D:11     | Killed a death knight
 14493 | D:11     | Reached skill level 10 in Hexes
 14582 | D:11     | Reached skill level 10 in Evocations
 14711 | D:11     | Found a staircase to the Orcish Mines.
 14831 | D:11     | Noticed Lodul
 14847 | D:11     | Killed Lodul
 14858 | D:11     | Reached skill level 13 in Stealth
 15105 | D:11     | Found a shimmering blue altar of Sif Muna.
 15923 | D:13     | Reached skill level 10 in Spellcasting
 15962 | D:13     | Noticed a centaur warrior
 15963 | D:13     | Noticed a crystal guardian
 15964 | D:13     | Noticed a catoblepas
 15965 | D:13     | Killed a centaur warrior
 15966 | D:13     | Noticed a boulder beetle
 16001 | D:13     | Noticed a centaur warrior
 16020 | D:12     | Killed a catoblepas
 16191 | D:13     | Killed a centaur warrior
 16196 | D:13     | Killed a boulder beetle
 16413 | D:13     | Reached XP level 13. HP: 67/67 MP: 25/25
 16748 | D:13     | Killed from afar by a crystal guardian

Illustrated notes

Levels and vault maps discovered:
D:1:      dpeg_arrival_pits, layout_loops_ring, serial_shops,
          nicolae_shop_back_alley_shop
D:2:      layout_loops_cross
D:3:      layout_basic, ebering_ghost_reflecting_pool, hangedman_decor_opposing,
          uniq_ijyb, uniq_robin
D:4:      layout_cave_pools, cheibrodos_sewer_entry_bend, minmay_door_square,
          uniq_menkaure
D:5:      layout_cave_pools, xom_butterflies, uniq_pikel
D:6:      layout_layer_cave, minmay_temple_entry_butterflies
D:7:      layout_loops_ring, mainiacjoe_overflow_divided_tiny, serial_shops,
          shop, grunt_ministairs_15, uniq_jeremiah
D:8:      nzn_winding_woodlands_three_and_one
          [nzn_winding_woodlands_5x15_longhouse,
          nzn_winding_woodlands_5x15_split_checker,
          nzn_winding_woodlands_5x15_garden,
          nzn_winding_woodlands_center_pierced_h], layout_rooms, uniq_gastronok
D:9:      layout_loops_ring, tso_altar, serial_shops, shop,
          nicolae_shop_tiny_waterfront, nicolae_wooded_promenade,
          minmay_shop_mass, minmay_holes, nrook_campfire, kb_rosetta, uniq_grum
D:10:     layout_big_octagon, minitemple, lair_entry_dummy,
          hangedman_weighted_door
D:11:     layout_roguey, minmay_orc_entry_temple_small, lemuel_blue_sif_altar,
          uniq_lodul
D:12:     layout_rooms, hangedman_decor_points
D:13:     minmay_roctagon, layout_loops_ring, minmay_misc_feat_x
Temple:   regret_index_temple_sphere_string

Skill      XL: |  1  2  3  4  5  6  7  8  9 10 11 12 |
---------------+-------------------------------------+-----
Evocations     | 1 2 3 4 5 7 8 9 10 | 10.9
Fighting       | 1 2 3 4 5 6 7 |  7.3
Dodging        | 3 4 5 6 7 8 10 11 | 11.4
Spellcasting   | 3 4 5 7 8 9 10 | 10.5
Hexes          | 4 5 6 7 8 9 10 | 10.8
Short Blades   | 2 3 4 5 6 7 8 9 |  9.7
Stealth        | 5 6 7 8 9 10 12 13 | 13.7

Action                     |  1- 3 |  4- 6 |  7- 9 | 10-12 | 13-15 || total
---------------------------+-------+-------+-------+-------+-------++-------
  Melee: Dagger            |   157 |   288 |   306 |   206 |    39 ||   996
         Punch             |     1 |     5 |     3 |       |       ||     9
         Short sword       |       |       |       |   205 |       ||   205
         Club              |       |       |       |     3 |       ||     3
   Cast: Ensorcelled Hiber |    15 |    50 |    64 |   179 |     4 ||   312
         Confusing Touch   |       |     5 |     9 |    22 |     4 ||    40
         Slow              |       |       |     3 |       |       ||     3
    Use: Scroll            |     4 |     8 |     4 |     5 |       ||    21
         Potion            |       |     2 |     1 |     4 |       ||     7
   Stab: Sleeping          |    21 |    34 |    52 |   149 |     3 ||   259
         Confused          |       |     8 |     9 |    22 |     1 ||    40
         Distracted        |       |       |       |     4 |       ||     4
         Petrified         |       |       |       |     1 |       ||     1
 Armour: Robe              |    36 |    78 |    12 |       |       ||   126
         Steam dragon scal |       |       |    76 |   181 |     9 ||   266
  Dodge: Dodged            |   104 |   244 |   237 |   482 |    14 ||  1081
